 Dungeon Crawl Stone Soup version 0.28.0 (webtiles) character file.

Game seed: 328106966781153896

140 harry2680 the Stinger (level 5, -2/33 HPs)
             Began as an Octopode Venom Mage on Feb 17, 2022.
             Splashed by a jelly's acid (7 damage)
             ... on level 3 of the Dungeon.
             The game lasted 00:25:09 (2813 turns).

harry2680 the Stinger (Octopode Venom Mage)         Turns: 2813, Time: 00:25:10

Health: -2/33      AC: -7    Str:  8    XL:     5   Next: 23%
Magic:  8/8        EV: 13    Int: 19    God:
Gold:   92         SH:  0    Dex: 12    Spells: 3/9 levels left

rFire   . . .      SeeInvis .   g - +2 dagger (elec)
rCold   . . .      Faith    .   (no shield)
rNeg    . . .      Spirit   .   (helmet restricted)
rPois   .          Reflect  .   h - amulet of the acrobat
rElec   .          Harm     .   b - ring of willpower
rCorr   .          Rampage  .   (no ring)
Will    +....                   (no ring)
Stlth   +++.......              (no ring)
HPRegen 0.11/turn               (no ring)
MPRegen 0.11/turn               (no ring)
                                (no ring)
                                (no ring)

@: mighty, corroded
A: almost no armour, amphibious, 8 rings, camouflage 1, gelatinous body 1,
(nimble swimmer 1), tentacles
a: no special abilities


You were on level 3 of the Dungeon.
You visited 1 branch of the dungeon, and saw 3 of its levels.

You collected 92 gold pieces.

Inventory:

Hand Weapons
 c - a +0 dagger
 d - a +0 short sword
 f - a +1 dagger of speed
 g - a +2 dagger of electrocution (weapon)
 j - a +0 hunting sling
Missiles
 a - 58 stones
Armour
 p - a +2 kite shield
Jewellery
 b - a ring of willpower (left tentacle)
 h - an amulet of the acrobat (around mantle)
Wands
 o - a wand of flame (12)
Scrolls
 e - 2 scrolls of identify {unknown}
 i - a scroll of fog {unknown}
 k - 2 scrolls of teleportation {unknown}
 q - a scroll of enchant weapon {unknown}
Potions
 l - a potion of haste {unknown}
 m - a potion of curing {unknown}


   Skills:
 + Level 1.6 Fighting
 + Level 2.6 Dodging
 + Level 3.8 Stealth
 + Level 2.5 Spellcasting
 * Level 1.0 Conjurations
 - Level 1.5 Transmutations
 - Level 1.3 Air Magic
 - Level 4.0 Poison Magic
 + Level 0.0 Evocations


You had 3 spell levels left.
You knew the following spells:

 Your Spells              Type           Power      Damage    Failure   Level
a - Sting                 Tmut/Pois      52%        1d5       4%          1
b - Poisonous Vapours     Pois/Air       24%        N/A       8%          2
c - Mephitic Cloud        Conj/Pois/Air  10%        N/A       21%         3

Your spell library contained the following spells:

 Spells                   Type           Power      Damage    Failure   Level
 Olgreb's Toxic Radiance  Pois           17%        N/A       30%         4


Dungeon Overview and Level Annotations

Branches:
Dungeon (3/15)

Altars:


Innate Abilities, Weirdness & Mutations

You cannot wear most types of armour.
You are amphibious.
You can wear up to eight rings at the same time.
Your skin changes colour to match your surroundings (Stealth+).
Your rubbery body absorbs attacks. (AC +1, EV +1)
((You are camouflaged when in or above water. (Stealth+)))
You have tentacles for arms and can constrict up to eight enemies at once.


Message History

You are frozen.
You hit the endoplasm.
The endoplasm is almost dead.
The endoplasm hits you.
You hit the endoplasm.
You kill the endoplasm!
The endoplasm quivers.
There is an open door here.
You barely miss the endoplasm. You squeeze the endoplasm.
You kill the endoplasm!
You hit the endoplasm.
The endoplasm is lightly wounded.
The endoplasm hits you.
You hit the endoplasm.
Lightning courses through the endoplasm!
You kill the endoplasm!
There is an open door here.
The jelly quivers.
You hit the jelly.
Your tentacles burn!
The jelly is moderately wounded.
The jelly hits you. The acid corrodes you!
You are splashed with acid!
Okay, then.
You feel very mighty all of a sudden. The jelly hits you.
The acid corrodes you!
You are splashed with acid!
* * * LOW HITPOINT WARNING * * *
Okay, then.
Okay, then.
There's nothing to open nearby.
Casting: Sting (safe; 4% risk of failure)
Confirm with . or Enter, or press ? or * to list all spells.
You don't know that spell.
Aiming: Throw Flame
Press: ? - help, Q - select action, (/) - cycle Shift-Dir - straight line, f - jelly
Aim: a jelly (moderately wounded, 100% to hit)
The puff of flame hits the jelly.
The jelly is severely wounded.
The jelly hits you.
* * * LOW HITPOINT WARNING * * *
You are splashed with acid!
You die...

### #.#.
#}.÷...##.####### #.#.
#PP...P#.#.#....####)#.
#J÷....#.#.#[....##..##
#..PP÷P#)#'#......).)#
#......#.#........'..#
#P.....#.#........'..#
#÷..÷..#.#.......##..##
#.÷..J@'##......###..#.
#......############.##.
######## #.....
.(.....##.. .#^.#.. #..
#..... #.. ....... #.#
....... #.. ..###+###..


You could see a jelly and an endoplasm (asleep).

Vanquished Creatures
  Jessica (D:3)
  Ijyb (D:3)
  2 adders
  A worm (D:2)
  5 bats
  11 endoplasms
  A giant cockroach (D:1)
  3 goblins (D:1)
  2 hobgoblins (D:2)
  9 kobolds
  5 quokkas
  5 ball pythons
  2 frilled lizards (D:1)
  21 rats
69 creatures vanquished.

Vanquished Creatures (others)
  2 fungi (D:3)
  7 toadstools (D:3)
9 creatures vanquished.

Grand Total: 78 creatures vanquished

Notes
Turn   | Place    | Note
-------+----------+-------------------------------------------
     0 | D:1      | harry2680 the Octopode Venom Mage began the quest for the
                  | Orb.
     0 | D:1      | Reached XP level 1. HP: 11/11 MP: 3/3
   244 | D:1      | Reached XP level 2. HP: 18/18 MP: 1/5
   330 | D:1      | Found a faded altar of an unknown god.
   793 | D:2      | Learned a level 2 spell: Poisonous Vapours
   838 | D:2      | Reached XP level 3. HP: 7/22 MP: 3/6
  1071 | D:2      | Reached skill level 1 in Fighting
  1071 | D:2      | Reached skill level 4 in Poison Magic
  1384 | D:2      | Learned a level 3 spell: Mephitic Cloud
  1825 | D:2      | Reached XP level 4. HP: 27/28 MP: 5/7
  2116 | D:3      | Noticed Jessica
  2123 | D:3      | Killed Jessica
  2447 | D:3      | Noticed Ijyb
  2467 | D:3      | Killed Ijyb
  2468 | D:3      | Reached skill level 1 in Air Magic
  2468 | D:3      | Reached XP level 5. HP: 19/33 MP: 2/8
  2789 | D:3      | Reached skill level 1 in Conjurations
  2813 | D:3      | Splashed by a jelly's acid

Illustrated notes

Levels and vault maps discovered:
D:1:      erik_arrival_orb_chamber, layout_basic,
          chequers_ecumenical_altar_twisty, kennysheep_decorative_pillar
D:2:      layout_loops_ring, minmay_rat_hole
D:3:      cheibrodos_fertilizer, layout_basic, kennysheep_generic_room_15,
          uniq_ijyb, uniq_jessica

Skill      XL: |  1  2  3  4  5 |
---------------+----------------+-----
Stealth        | 3 |  3.8
Fighting       | 1 |  1.6
Poison Magic   | 4 |  4.0
Air Magic      | 1 |  1.3
Conjurations   | 1 |  1.0
Dodging        | |  2.6
Spellcasting   | |  2.5
Transmutations | |  1.5

Action                   |  1- 3 |  4- 6 || total
-------------------------+-------+-------++-------
Melee: Dagger            |    43 |    26 ||    69
       Constrict         |    11 |     5 ||    16
       Tentacles         |     7 |     6 ||    13
       Unarmed           |     1 |       ||     1
       Punch             |       |     2 ||     2
Throw: Stone             |       |     1 ||     1
 Cast: Sting             |    20 |     6 ||    26
       Poisonous Vapours |    14 |    11 ||    25
       Mephitic Cloud    |       |     1 ||     1
Evoke: Wand              |       |     1 ||     1
  Use: Potion            |       |     2 ||     2
 Stab: Sleeping          |     3 |     1 ||     4
Armor: Skin              |     2 |       ||     2
Dodge: Dodged            |    17 |    10 ||    27
